 Dungeon Crawl Stone Soup version 0.19.1 (webtiles) character file.

194 Ijustatesigmund the Chopper (level 5, 0/48 HPs)
             Began as a Minotaur Monk on Nov 25, 2016.
             Slain by an orc
             ... wielding a +2 hand axe of flaming
              (1 damage)
             ... on level 4 of the Dungeon.
             The game lasted 00:03:54 (2234 turns).

Ijustatesigmund the Chopper (Minotaur Monk)         Turns: 2234, Time: 00:03:55

Health: 0/48       AC:  2    Str: 16    XL:     5   Next: 44%
Magic:  4/4        EV: 13    Int:  7    God:
Gold:   153        SH:  3    Dex: 13    Spells: 0 memorised, 4 levels left

rFire  . . .     SeeInvis .     a - +0 hand axe
rCold  . . .     Gourm    .     b - +0 robe
rNeg   . . .     Faith    .     (no shield)
rPois  .         Spirit   .     (helmet restricted)
rElec  .         Reflect  +     (no cloak)
rCorr  .         Harm     .     (no gloves)
MR     .....                    (no boots)
Stlth  ++........               h - +3 amulet of reflection
                                (no ring)
                                (no ring)

@: no status effects
A: retaliatory headbutt, horns 2
a: no special abilities


You were on level 4 of the Dungeon.
You were not hungry.

You visited 1 branch of the dungeon, and saw 4 of its levels.

You collected 153 gold pieces.

Inventory:

Hand Weapons
 a - a +0 hand axe (weapon)
Armour
 b - a +0 robe (worn)
Jewellery
 h - a +3 amulet of reflection (around neck)
Scrolls
 e - 2 scrolls of amnesia
 j - a scroll of fog
 l - 2 scrolls of identify
Potions
 i - a potion of lignification
Comestibles
 c - 2 bread rations
 d - a meat ration
 f - 3 fruits
 k - a slice of pizza


   Skills:
 + Level 5.0 Fighting
 * Level 6.5 Axes
 - Level 3.5 Dodging
 - Level 1.5 Stealth


You had 4 spell levels left.
You didn't know any spells.

Dungeon Overview and Level Annotations

Branches:
Dungeon (4/15)
 Temple: D:4-7

Altars:

Annotations:
D:3 Sigmund


Innate Abilities, Weirdness & Mutations

You reflexively headbutt those who attack you in melee.
You have a pair of horns on your head.


Message History

You barely miss the orc. You closely miss the orc. You hit the orc.
You closely miss the orc wizard. You block the orc's attack.
The orc hits you with a club.
* * * LOW HITPOINT WARNING * * *
The orc wizard barely misses you. You furiously retaliate!
You headbutt the orc wizard. You hit the orc. Your headbutt misses the orc.
The orc is almost dead.
You closely miss the orc wizard. You hit the orc. You closely miss the orc.
You block the orc's attack. The orc hits you with a club.
* * * LOW HITPOINT WARNING * * *
The orc barely misses you. The orc wizard misses you.
You closely miss the orc.
The orc is almost dead.
You closely miss the orc wizard. You hit the orc but do no damage.
You barely miss the orc. The orc closely misses you. x2
The orc hits you with a hand axe of flaming.
* * * LOW HITPOINT WARNING * * *
The orc burns you.
You die...

####### #. #####
#.######+## #....
.#.........# #.###
.>.........# #.#
...........##### ###.#
...............#
#.#'###
......ooo......#
#...... #...o@.......#
#......
+...o........###......
#........#.....#.#....
#........#.....#.#....
#........#.....#.#....
#........#.....#.#....
+.........+.....'.#....
###########.....###....
#.....# #....


You could see an orc wizard and 4 orcs.

Vanquished Creatures
  An ogre (D:4)
  A worker ant (D:4)
  3 adders
  2 worms
  A dart slug (D:2)
  4 leopard geckos
  2 ball pythons
  5 bats
  2 giant cockroaches
  13 goblins
  4 hobgoblins (D:1)
  A frilled lizard (D:2)
  9 kobolds
  5 rats
53 creatures vanquished.

Notes
Turn   | Place    | Note
-------+----------+-------------------------------------------
     0 | D:1      | Ijustatesigmund the Minotaur Monk began the quest for the Orb.
     0 | D:1      | Reached XP level 1. HP: 19/19 MP: 0/0
   421 | D:1      | Reached XP level 2. HP: 27/27 MP: 1/1
   445 | D:1      | Reached skill level 4 in Axes
   871 | D:2      | Reached XP level 3. HP: 27/33 MP: 2/2
  1064 | D:2      | Reached skill level 5 in Axes
  1617 | D:3      | Reached XP level 4. HP: 31/41 MP: 3/3
  1689 | D:3      | Noticed Sigmund
  2137 | D:4      | Noticed an ogre
  2147 | D:4      | Killed an ogre
  2147 | D:4      | Reached skill level 6 in Axes
  2147 | D:4      | Reached XP level 5. HP: 14/47 MP: 4/4
  2229 | D:4      | Reached skill level 5 in Fighting
  2234 | D:4      | HP: 1/48 [orc/hand axe of flaming (2)]
  2234 | D:4      | Slain by an orc

Skill      XL: |  1  2  3  4  5 |
---------------+----------------+-----
Axes           | 4 5 6 |  6.5
Fighting       | 4 5 |  5.0
Dodging        | |  3.5
Stealth        | |  1.5

Action                   |  1- 3 |  4- 6 || total
-------------------------+-------+-------++-------
Melee: Hand axe          |    81 |    42 ||   123
       Headbutt          |    12 |     6 ||    18
  Use: Scroll            |     1 |     6 ||     7
       Potion            |       |     1 ||     1
 Stab: Sleeping          |     3 |     3 ||     6
  Eat: Chunk             |     2 |       ||     2
       Pizza             |       |     1 ||     1
       Beef jerky        |       |     1 ||     1
Armor: Robe              |    13 |     6 ||    19
Dodge: Dodged            |    52 |    32 ||    84
Block: Other             |       |     3 ||     3
